 Dungeon Crawl Stone Soup version 0.28.0-47-ge53b351184 (webtiles) character file.

Game seed: 6790888664402090315

189432 acdeimund the Phalangite (level 18, -15/156 HPs)
             Began as a Merfolk Gladiator on May 2, 2022.
             Was the Champion of Okawaru.
             Killed from afar by a frost giant (22 damage)
             ... with a bolt of cold
             ... on level 15 of the Dungeon.
             The game lasted 02:34:19 (40223 turns).

acdeimund the Phalangite (Merfolk Gladiator)       Turns: 40223, Time: 02:34:20

Health: -15/156    AC: 17    Str: 19    XL:     18   Next: 13%
Magic:  0/27       EV: 26    Int: 11    God:    Okawaru [******]
Gold:   3206       SH:  0    Dex: 21    Spells: 17/17 levels left

rFire   + . .      SeeInvis +   b - +12 glaive of Prune {vorpal}
rCold   . . .      Faith    .   (shield currently unavailable)
rNeg    . . .      Spirit   +   M - +2 ring mail {rPois}
rPois   +          Reflect  .   w - +1 helmet {SInv}
rElec   .          Harm     .   C - +1 cloak
rCorr   .          Rampage  .   Q - +2 pair of gloves {hurl}
Will    ++...                   G - +1 pair of boots {Stlth+}
Stlth   ++++......              o - amulet of guardian spirit
HPRegen 0.36/turn               Z - ring "Erogoc" {rPois rF+ Int+3 Dex+3}
MPRegen 0.20/turn               D - ring of willpower

@: about to teleport, studying Short Blades
A: (nimble swimmer 2), mertail
}: 1/15 runes: barnacled
a: Renounce Religion, Heroism, Finesse, Duel


You were on level 15 of the Dungeon.
You worshipped Okawaru.
Okawaru was exalted by your worship.
You visited 8 branches of the dungeon, and saw 31 of its levels.
You also visited: Sewer and Bailey.

You collected 4430 gold pieces.
You spent 1224 gold pieces at shops.

Inventory:

Hand Weapons
 b - the +12 glaive of Prune (weapon) {vorpal}
   (You acquired it on level 9 of the Dungeon)

   It inflicts extra damage upon your enemies.
   It halves damage taken while paralysed, petrified or unconscious.
 p - the +3 glaive of Diujozeu {vorpal, rC+ MP+9 Dex-3 SInv}
   (Okawaru gifted it to you on level 3 of the Shoals)

   It inflicts extra damage upon your enemies.
   Dex:       It affects your dexterity (-3).
   rC:        It protects you from cold.
   MP:        It affects your magic capacity (+9).
   SInv:      It lets you see invisible.
 q - a +3 war axe of flaming
 I - a +1 demon trident of venom
Missiles
 a - 17 silver javelins
 f - 3 throwing nets (quivered)
 B - 31 boomerangs
 L - 26 javelins
 T - 2 boomerangs of dispersal
Armour
 c - a +1 helmet
 w - a +1 helmet of see invisible (worn)
 C - a +1 cloak (worn)
 G - a +1 pair of boots of stealth (worn)
 M - a +2 ring mail of poison resistance (worn)
 O - a +1 kite shield of reflection
 Q - a +2 pair of gloves of hurling (worn)
Jewellery
 o - an amulet of guardian spirit (around neck)
 y - a ring of see invisible
 D - a ring of willpower (right hand)
 Z - the ring "Erogoc" (left hand) {rPois rF+ Int+3 Dex+3}
   (You took it off a merfolk on level 4 of the Shoals)

   [ring of protection from fire]

   Int:       It affects your intelligence (+3).
   Dex:       It affects your dexterity (+3).
   rF:        It protects you from fire.
   rPois:     It protects you from poison.
Wands
 d - a wand of polymorph (10)
 r - a wand of mindburst (4)
 s - a wand of digging (11)
 v - a wand of iceblast (26)
 W - a wand of acid (5)
 Y - a wand of paralysis (2)
Scrolls
 e - 8 scrolls of identify
 g - 13 scrolls of teleportation
 i - 4 scrolls of fear
 u - a scroll of brand weapon
 x - 2 scrolls of magic mapping
 E - 4 scrolls of amnesia
 J - 7 scrolls of enchant weapon
 K - 2 scrolls of silence
 N - 3 scrolls of summoning
 P - 3 scrolls of fog
 V - a scroll of enchant armour
 X - a scroll of holy word
Potions
 h - 8 potions of lignification
 j - a potion of curing
 k - 2 potions of attraction
 l - 7 potions of flight
 m - 4 potions of resistance
 n - a potion of heal wounds
 t - 8 potions of might
 z - 6 potions of brilliance
 A - 3 potions of berserk rage
 F - 3 potions of ambrosia
 H - 9 potions of mutation
 R - 3 potions of invisibility
 S - 6 potions of haste


   Skills:
 + Level 17.9 Fighting
 - Level 21.7 Polearms
 - Level 11.2 Throwing
 + Level 4.0 Armour
 + Level 21.1 Dodging
 + Level 6.4 Stealth
 - Level 12.0 Invocations


You had 17 spell levels left.
You didn't know any spells.
Your spell library contained the following spells:

 Spells                   Type           Power      Damage    Failure   Level
 Apportation              Tloc           0%         N/A       52%         1
 Pain                     Necr           0%         1d4       52%         1
 Blink                    Tloc           0%         N/A       65%         2
 Poisonous Vapours        Pois/Air       0%         N/A       65%         2
 Conjure Flame            Conj/Fire      0%         6-21      87%         3
 Dazzling Flash           Conj/Hex       0%         N/A       87%         3
 Frozen Ramparts          Ice            0%         1d2       87%         3
 Gell's Gravitas          Tloc           0%         N/A       87%         3
 Ignite Poison            Fire/Tmut/Pois 0%         N/A       87%         3
 Lesser Beckoning         Tloc           0%         N/A       87%         3
 Portal Projectile        Hex/Tloc       0%         N/A       87%         3
 Teleport Other           Tloc           0%         N/A       87%         3
 Ice Form                 Ice/Tmut       0%         N/A       99%         4
 Iskenderun's Mystic Bla  Conj/Tloc      0%         2d3       99%         4
 Olgreb's Toxic Radiance  Pois           0%         N/A       99%         4
 Passage of Golubria      Tloc           0%         N/A       99%         4
 Sticky Flame             Conj/Fire      0%         2d3       99%         4
 Agony                    Necr           0%         N/A       100%        5
 Alistair's Intoxication  Tmut/Pois      0%         N/A       100%        5
 Blade Hands              Tmut           0%         N/A       100%        5
 Excruciating Wounds      Necr           0%         N/A       100%        5
 Irradiate                Conj/Tmut      0%         3d14      100%        5
 Manifold Assault         Tloc           0%         N/A       100%        5
 Yara's Violent Unravell  Hex/Tmut       0%         3d3       100%        5
 Starburst                Conj/Fire      0%         6d3       100%        6
 Dragon Form              Tmut           0%         N/A       100%        7
 Ozocubu's Refrigeration  Ice            0%         4d5       100%        7
 Storm Form               Tmut/Air       0%         N/A       100%        7
 Ignition                 Fire           0%         3d3       100%        8
 Summon Small Mammal      Summ           Unusable   N/A       N/A         1
 Call Canine Familiar     Summ           Unusable   N/A       N/A         3
 Summon Guardian Golem    Hex/Summ       Unusable   N/A       N/A         3
 Tukima's Dance           Hex            Unusable   N/A       N/A         3
 Summon Ice Beast         Ice/Summ       Unusable   N/A       N/A         4

Dungeon Overview and Level Annotations

Branches:
Dungeon (15/15)            Temple (1/1) D:5            Lair (6/6) D:9
 Shoals (4/4) Lair:4       Spider (1/4) Lair:4        Slime (0/5) Lair:6
    Orc (2/2) D:11            Elf (0/3) Orc:2        Vaults (1/5) D:13
 Depths (1/4) D:15          Sewer (visited)          Bailey (visited)

Altars:
Ashenzari
Cheibriados
Dithmenos
Elyvilon
Fedhas
Gozag
Hepliaklqana
Kikubaaqudgha
Makhleb
Nemelex Xobeh
Okawaru
Qazlal
Ru
Sif Muna
Trog
Uskayaw
Vehumet
Wu Jian
Xom
Yredelemnul
Zin
The Shining One
Beogh
Jiyva

Shops:
D:1 ?   D:13 *   D:14 !   Orc:2 **!=*   Vaults:1 :

Annotations:
D:3 2 transporters, NinjaNoafa's ghost, amateur HOMo
D:8 exclusion: boulder beetle
Lair:5 exclusion: oklob plant
Spider:1 Nikola


Innate Abilities, Weirdness & Mutations

((You are very nimble when in or above water. (Stealth+, EV+, Speed+++)))
Your lower body shifts to a powerful aquatic tail in water.


Message History

The ice dragon breathes frost at you. The blast of cold hits you!!!
You hear a horrible gurgling sound! x2; You hear a deafening roar!
You slice the ice dragon!!
You kill the ice dragon!
Okawaru accepts your kill.
You start resting.
A frost giant comes into view.
It is wielding a +3 battleaxe of freezing.
A frost giant is nearby!
Throw: 4 throwing nets
Press: ? - help, Q - select action, (/) - cycle Shift-Dir - straight line, f - frost giant
Aim: a frost giant, wielding a +3 battleaxe of freezing (91% to hit, immune to nets)
You throw a throwing net. The throwing net hits the frost giant.
The frost giant is too large for the net to hold!
A storm dragon comes into view.
The frost giant hits you with a +3 battleaxe of freezing!!
* * * LOW HITPOINT WARNING * * *
The frost giant freezes you!
* * * LOW HITPOINT WARNING * * *
The storm dragon roars deafeningly!
There is a staircase back to the Dungeon, spattered with blood here.
The frost giant closely misses you.
The storm dragon breathes lightning at you.
The bolt of lightning hits you!!!
* * * LOW HITPOINT WARNING * * *
You hear a shout!
You climb upwards.
Welcome back to the Dungeon!
There is a staircase to the Depths here.
Blink to where?
Press: ? - help, Dir - move target
As you read the scroll of blinking, it crumbles to dust.
Blink to where?
Press: ? - help, Dir - move target
As you read the scroll of blinking, it crumbles to dust.
There is an open door here.
As you read the scroll of teleportation, it crumbles to dust.
You feel strangely unstable.
The frost giant gestures at you while chanting.
The bolt of cold hits you!!
You die...

###.........##.......# #......#
.....................# #..[...#
###############......# #......#
#..^.C......# #......#
#....#......# #......#
####....#.###..# ###'####
#.......#......# #......
####.##....#......# #......
###....#C##'##.@....# ####'#####
##......#.######'#####
#......... .'......#.....#...#
#..#...... .#.###.#C#.#..#...#
#..#...... .#......#...#.##..#
#.....[... ##......#.....#####
#.........
#......#>[.#.....############'##
#.###..####.####................
#.###......#..⌠#................


You could see a frost giant.

Vanquished Creatures
  Jorgrun (Orc:2)
  A kraken (Shoals:2)
  Gastronok (D:12)
  A storm dragon (Shoals:4)
  An orc warlord (Orc:2)
  Aizul (Shoals:2)
  2 ironbound preservers (Vaults:1)
  2 very ugly things (Vaults:1)
  An ironbound thunderhulk (Vaults:1)
  Nessos (Lair:5)
  A minotaur (Shoals:1)
  4 merfolk javelineers
  Snorg (Lair:4)
  Josephine (Lair:5)
  15 merfolk impalers
  A fire dragon (D:15)
  3 ettins
  An ice dragon (Depths:1)
  A boulder beetle (D:15)
  12 hydras
  2 centaur warriors
  2 ironbound frosthearts (Vaults:1)
  An ogre mage (D:14)
  2 merfolk avatars
  An alligator snapping turtle (Shoals:4)
  Erica (Orc:1)
  6 two-headed ogres
  A catoblepas (Lair:6)
  2 dancing weapons (D:13)
  3 merfolk aquamancers
  A deep troll shaman (Lair:6)
  16 death yaks
  3 satyrs
  7 orc high priests (Orc:2)
  4 tengu warriors
  Sonja (D:11)
  Urug (D:11)
  A fire crab (Lair:5)
  4 skeletal warriors (D:10)
  6 deep trolls (Vaults:1)
  15 sea snakes
  3 lindwurms (Vaults:1)
  An ironbound convoker (Vaults:1)
  A steelbarb worm (Lair:4)
  A necromancer (D:15)
  2 wizards
  5 deep elf pyromancers
  2 orc knights
  5 wolf spiders (Lair:4)
  7 fauns
  9 harpies
  7 ugly things
  2 orc sorcerers
  6 cyclopes
  A moth of wrath (shapeshifter) (D:15)
  10 manticores
  A moth of wrath (Lair:4)
  5 merfolk sirens
  8 black mambas
  16 elephants
  8 cane toads
  6 water nymphs
  3 gargoyles
  3 torpor snails
  Maggie (Lair:2)
  A freezing wraith (D:15)
  10 komodo dragons
  3 demonic crawlers (Lair:4)
  A kobold demonologist (D:12)
  2 rime drakes (Lair:6)
  3 tengu conjurers
  7 trolls
  9 meliai
  3 polar bears
  12 wind drakes
  26 merfolk
  A hornet (D:10)
  Prince Ribbit (D:9)
  13 slime creatures
  12 blink frogs
  7 dream sheep
  11 snapping turtles
  3 tarantellas (Lair:4)
  3 jumping spiders
  2 vampires
  A culicivora (Lair:4)
  A shadow (D:10)
  16 water elementals
  5 air elementals (Shoals:4)
  46 yaks
  2 wyverns
  6 wraiths
  5 basilisks
  A steam dragon (D:6)
  8 vampire mosquitoes
  9 redbacks (Lair:4)
  Menkaure (D:5)
  A warg (shapeshifter) (D:14)
  4 wargs (Orc:2)
  3 acid dragons
  17 water moccasins
  27 orc warriors
  A meliai simulacrum (D:14)
  An ice beast (Temple)
  Pargi (Sewer)
  A sky beast (Temple)
  3 black bears
  2 necrophages
  8 ogres
  2 centaurs
  36 wolves
  11 bullfrogs
  3 scorpions
  7 gnoll sergeants
  A water moccasin skeleton (D:5)
  10 wights
  3 killer bees (D:9)
  2 electric eels
  2 howler monkeys
  6 centaur zombies
  A centaur skeleton (D:7)
  3 hounds
  2 jellies (D:7)
  30 orc priests
  4 gnoll shamans
  Jessica (D:2)
  Terence (D:2)
  3 iguanas
  21 orc wizards
  A killer bee zombie (D:8)
  2 howler monkey zombies
  11 gnolls
  8 adders
  4 white imps
  2 ufetubi
  2 worms
  2 dart slugs
  120 orcs
  6 ball pythons
  4 endoplasms
  5 giant cockroaches
  10 goblins
  6 hobgoblins
  9 kobolds
  3 quokkas
  7 bats
  3 frilled lizards
  10 rats
909 creatures vanquished.

Vanquished Creatures (others)
  A boulder beetle (Spider:1)
  A jumping spider (Spider:1)
  An orc wizard (D:4)
  An orc (Orc:2)
  14 fungi
  95 plants
  5 tentacles (Shoals:2)
118 creatures vanquished.

Grand Total: 1027 creatures vanquished

Notes
Turn   | Place    | Note
-------+----------+-------------------------------------------
     0 | D:1      | acdeimund the Merfolk Gladiator began the quest for the
                  | Orb.
     0 | D:1      | Reached XP level 1. HP: 16/16 MP: 1/1
   135 | D:1      | Reached XP level 2. HP: 23/23 MP: 2/2
   584 | D:1      | Reached XP level 3. HP: 24/28 MP: 3/3
   585 | D:1      | Reached skill level 5 in Polearms
   764 | D:1      | Found a faded altar of an unknown god.
  1002 | D:1      | Found Zemenaru's Magic Scroll Shop.
  1010 | D:1      | Bought a scroll of teleportation for 36 gold pieces
  1463 | D:2      | Noticed Jessica
  1477 | D:2      | Killed Jessica
  1478 | D:2      | Reached XP level 4. HP: 16/35 MP: 4/4
  2326 | D:2      | Noticed Terence
  2448 | D:2      | Killed Terence
  2449 | D:2      | Reached skill level 5 in Dodging
  2485 | D:3      | Reached XP level 5. HP: 34/41 MP: 5/5
  2681 | D:3      | Found a glowing drain.
  2703 | Sewer    | Entered a sewer
  2780 | Sewer    | Noticed Pargi
  2800 | Sewer    | Killed Pargi
  2801 | Sewer    | Reached XP level 6. HP: 36/48 MP: 6/6
  2999 | D:3      | Found a transporter.
  3001 | D:3      | Noticed NinjaNoafa's ghost (amateur HOMo)
  3041 | D:3      | Noticed a necrophage
  3045 | D:3      | Found a transporter.
  3445 | D:4      | Identified a scroll of acquirement
  3445 | D:4      | Acquired 1114 gold pieces
  3900 | D:4      | Noticed a necrophage
  3932 | D:4      | Killed a necrophage
  3933 | D:4      | Reached XP level 7. HP: 55/55 MP: 7/7
  4176 | D:5      | Entered Level 5 of the Dungeon
  4369 | D:5      | Reached skill level 5 in Fighting
  4614 | D:5      | Reached XP level 8. HP: 55/63 MP: 8/8
  4652 | D:5      | Found a staircase to the Ecumenical Temple.
  4652 | D:5      | Noticed Menkaure
  4687 | Temple   | Entered the Ecumenical Temple
  5105 | Temple   | Became a worshipper of Warmaster Okawaru
  5143 | D:5      | Killed Menkaure
  5440 | D:5      | Reached * piety under Okawaru
  5534 | D:5      | Identified the +8 quarterstaff of Ulemes {speed, Stlth+}
  5702 | D:5      | You fall into a shaft and drop 3 floors!
  5714 | D:8      | Reached XP level 9. HP: 49/71 MP: 5/9
  5886 | D:7      | Reached skill level 10 in Polearms
  6063 | D:6      | Found a basalt altar of Yredelemnul.
  6375 | D:6      | Reached skill level 1 in Invocations
  6672 | D:6      | Found a sacrificial altar of Ru.
  7629 | D:7      | Reached skill level 5 in Throwing
  7728 | D:7      | Reached ** piety under Okawaru
  8361 | D:7      | Found the +8 woodcutter's axe {vorpal}
  8428 | D:7      | Reached skill level 10 in Dodging
  8661 | D:8      | Noticed a boulder beetle
  8777 | D:8      | Noticed a two-headed ogre
  9165 | D:8      | Reached XP level 10. HP: 78/80 MP: 11/11
 10085 | D:8      | Killed a two-headed ogre
 10085 | D:8      | Reached *** piety under Okawaru
 10345 | D:9      | Found a flagged portal.
 10353 | D:9      | Identified the +11 halberd of the Fifty Demons {freeze,
                  | Int+4}
 10360 | Bailey   | Entered a bailey
 10615 | Bailey   | Noticed an orc knight
 10622 | Bailey   | Killed an orc knight
 10629 | Bailey   | Reached **** piety under Okawaru
 10925 | D:9      | Noticed Prince Ribbit
 10930 | D:9      | Killed Prince Ribbit
 11122 | D:9      | Reached XP level 11. HP: 88/89 MP: 14/14
 11156 | D:9      | Received a gift from Okawaru
 11316 | D:9      | Found a staircase to the Lair.
 11351 | D:9      | Acquired the +12 glaive of Prune {vorpal}
 11351 | D:9      | Found the +12 glaive of Prune {vorpal}
 11524 | Lair:1   | Entered Level 1 of the Lair of Beasts
 11524 | Lair:1   | Noticed a five-headed hydra
 11538 | D:9      | Killed a one-headed hydra
 11538 | D:9      | Reached ***** piety under Okawaru
 11734 | Lair:1   | Reached skill level 10 in Fighting
 11972 | Lair:1   | Received a gift from Okawaru
 12170 | Lair:1   | Reached skill level 5 in Invocations
 12236 | Lair:1   | Received a gift from Okawaru
 12593 | Lair:1   | Noticed a four-headed hydra
 12600 | Lair:1   | Killed a one-headed hydra
 12682 | Lair:1   | Reached XP level 12. HP: 99/99 MP: 16/16
 12688 | Lair:1   | Reached ****** piety under Okawaru
 13101 | D:10     | Entered Level 10 of the Dungeon
 13272 | D:10     | Identified the +1 robe "Fuacasit" {rElec}
 13520 | D:10     | Reached skill level 15 in Polearms
 14457 | D:11     | Noticed Sonja
 14665 | Lair:2   | Noticed Maggie
 14668 | Lair:2   | Killed Maggie
 14918 | Lair:2   | Received a gift from Okawaru
 15536 | Lair:3   | Reached XP level 13. HP: 82/108 MP: 13/18
 15603 | Lair:3   | Received a gift from Okawaru
 16045 | Lair:3   | You fall into a shaft and drop 3 floors!
 16045 | Lair:6   | Entered Level 6 of the Lair of Beasts
 16045 | Lair:6   | Found a staircase to the Slime Pits.
 16046 | Lair:6   | Found a viscous altar of Jiyva.
 16149 | Lair:3   | Reached skill level 15 in Dodging
 16478 | Lair:3   | Received a gift from Okawaru
 17053 | Lair:3   | Received a gift from Okawaru
 17253 | Lair:3   | Received a gift from Okawaru
 17798 | Lair:4   | Noticed Snorg
 17810 | Lair:4   | Killed Snorg
 17951 | Lair:4   | Found a staircase to the Shoals.
 18465 | Lair:4   | Found a hole to the Spider Nest.
 18809 | D:11     | Killed Sonja
 18810 | D:11     | Reached XP level 14. HP: 118/118 MP: 20/20
 18900 | D:11     | Noticed Urug
 18907 | D:11     | Killed Urug
 19117 | D:11     | Found a staircase to the Orcish Mines.
 19435 | Orc:1    | Entered Level 1 of the Orcish Mines
 19972 | Orc:2    | Entered Level 2 of the Orcish Mines
 19987 | Orc:2    | Received a gift from Okawaru
 20168 | Orc:2    | Noticed an orc warlord
 20202 | Orc:2    | Killed an orc warlord
 20745 | Orc:2    | Found Baball's General Store.
 21023 | Orc:2    | Found a staircase to the Elven Halls.
 21069 | Orc:1    | Noticed Jorgrun
 21078 | Orc:2    | Killed Jorgrun
 21100 | Orc:1    | Noticed Erica
 21121 | Orc:1    | Killed Erica
 21883 | Orc:2    | Found Dafrir's Jewellery Shop.
 21883 | Orc:2    | Found Westrots's Distillery.
 21891 | Orc:2    | Bought a potion of might for 60 gold pieces
 21891 | Orc:2    | Bought a potion of heal wounds for 75 gold pieces
 22197 | Orc:2    | Found Okibuon's General Store.
 22197 | Orc:2    | Found Icoufoisk's Assorted Antiques.
 22247 | Orc:2    | Received a gift from Okawaru
 22261 | Orc:2    | Bought a +6 ring of dexterity for 1053 gold pieces
 22580 | Lair:5   | Noticed Josephine
 22617 | Lair:5   | Killed Josephine
 22688 | Lair:5   | Received a gift from Okawaru
 22985 | Lair:5   | Received a gift from Okawaru
 23271 | Lair:5   | Noticed Nessos
 23281 | Lair:5   | Killed Nessos
 23546 | Lair:5   | Reached XP level 15. HP: 127/127 MP: 21/21
 23829 | Shoals:1 | Entered Level 1 of the Shoals
 24282 | Shoals:1 | Identified the -2 hat "Isuleos" {Int+2 Dex+3} (Okawaru
                  | gifted it to you on level 1 of the Shoals)
 24282 | Shoals:1 | Received a gift from Okawaru
 24483 | Shoals:1 | Reached skill level 15 in Fighting
 24486 | Shoals:1 | Found a hide-covered altar of Uskayaw.
 25226 | Shoals:1 | Reached skill level 10 in Throwing
 25696 | Shoals:2 | Noticed Aizul
 25711 | Shoals:2 | Killed Aizul
 26252 | Shoals:2 | Noticed a kraken
 26271 | Shoals:2 | Killed a kraken
 26698 | Shoals:3 | Identified the +3 glaive of Diujozeu {vorpal, rC+ MP+9
                  | Dex-3 SInv} (Okawaru gifted it to you on level 3 of the
                  | Shoals)
 26698 | Shoals:3 | Received a gift from Okawaru
 26907 | Shoals:3 | Reached skill level 10 in Invocations
 27234 | Shoals:3 | Reached XP level 16. HP: 135/138 MP: 23/23
 27517 | Shoals:3 | Received a gift from Okawaru
 28154 | Shoals:4 | Entered Level 4 of the Shoals
 28208 | Shoals:4 | Received a gift from Okawaru
 29160 | Shoals:4 | Noticed a storm dragon
 29217 | Shoals:4 | Identified the ring "Erogoc" {rPois rF+ Int+3 Dex+3}
 29228 | Shoals:4 | Paralysed by an air elemental for 1 turns
 29233 | Shoals:4 | Paralysed by an air elemental for 1 turns
 29391 | Shoals:4 | Identified the +7 battleaxe "Ziafull" {antimagic, rF+ rN+
                  | Int+6}
 29427 | Shoals:4 | Identified the +3 scale mail of Tuxun {rF+ Int+4 Stlth-}
                  | (Okawaru gifted it to you on level 4 of the Shoals)
 29427 | Shoals:4 | Received a gift from Okawaru
 29468 | Shoals:4 | Killed a storm dragon
 29639 | Shoals:4 | Got the Reference Book on Mutagenic Contamination
 29642 | Shoals:4 | Got a barnacled rune of Zot
 31787 | Lair:6   | Reached XP level 17. HP: 146/146 MP: 25/25
 31937 | Lair:6   | Identified the +0 animal skin of Xyfob {Int+4} (Okawaru
                  | gifted it to you on level 6 of the Lair of Beasts)
 31937 | Lair:6   | Received a gift from Okawaru
 32795 | D:12     | Reached skill level 1 in Stealth
 33113 | D:12     | Noticed Gastronok
 33123 | D:12     | Killed Gastronok
 33124 | D:12     | Reached skill level 1 in Armour
 33359 | D:13     | Found Niced's Assorted Antiques.
 33410 | D:13     | Found a gate to the Vaults.
 34396 | D:14     | Found an iron altar of Okawaru.
 34415 | D:14     | Acquired 732 gold pieces
 35014 | D:14     | Found Etierch's Distillery.
 35341 | D:15     | Entered Level 15 of the Dungeon
 35348 | D:15     | Found a hide-covered altar of Uskayaw.
 35949 | D:15     | Found a hazy altar of Hepliaklqana.
 36067 | D:15     | Received a gift from Okawaru
 36119 | D:15     | Found a staircase to the Depths.
 36721 | Vaults:1 | Entered Level 1 of the Vaults
 37326 | Vaults:1 | Reached skill level 5 in Stealth
 37656 | Vaults:1 | Found Jeuwnah's Book Shop.
 38027 | Shoals:4 | Identified the +4 scale mail "Rorholo" {*Slow rElec Int+2
                  | Slay+5}
 38139 | Spider:1 | Entered Level 1 of the Spider Nest
 38139 | Spider:1 | Noticed Nikola
 38698 | Lair:4   | Reached XP level 18. HP: 142/156 MP: 23/27
 39437 | Lair:4   | HP: 2/156 [wolf spider (8)]
 40148 | Depths:1 | Entered Level 1 of the Depths
 40211 | Depths:1 | HP: 3/156 [storm dragon/bolt of lightning (32)]
 40223 | D:15     | Killed from afar by a frost giant

Illustrated notes

Levels and vault maps discovered:
D:1:      ebering_trefoil_twist, layout_basic, serial_shops, shop,
          shapermc_ecumenical_altar_venn, minmay_3d_cube
D:2:      layout_loops_corners, uniq_terence, uniq_jessica
D:3:      layout_loops_ring, portal_sewer_entry_d, gammafunk_ghost_mausoleum,
          columned_hall_lemuel
D:4:      layout_basic, serial_bayou_lagoon_a
D:5:      minmay_bubble_buster, layout_basic, minmay_temple_entry_crystal_x,
          uniq_menkaure
D:6:      layout_loops_ring, nicolae_ru_sacrificial_ziggurat,
          mainiacjoe_overflow_cross_hatched
D:7:      layout_cave_pools, pf_guarded_unrand_woodcutter
D:8:      layout_gridville
D:9:      layout_irregular_city, lair_entry_dummy, enter_bailey_2,
          uniq_prince_ribbit1
D:10:     layout_roguey
D:11:     layout_roguey, david_orc_4, uniq_sonja, uniq_urug
D:12:     layout_cave_pools, uniq_gastronok
D:13:     layout_basic, erik_vaults_1, serial_shops, kennysheep_mini,
          serial_bayou, serial_bayou_pond_a, serial_bayou_shore_a,
          serial_bayou_crossing, serial_bayou_pond_d, serial_bayou_pond_c,
          serial_bayou_shore_b
D:14:     layout_grid_maze, okawaru_metal_pillars_3, serial_shops, shop_statue
D:15:     hangedman_depths_entry_civil_slaughter, layout_stronghold,
          nicolae_hepliaklqana_hippocampus, dancing_weapons_uskayaw
Temple:   mainiacjoe_temple_cubbyholes
Lair:1:   layout_chaotic_city, grunt_megastairs_2, infiniplex_staircase_pool_2
Lair:2:   hellmonk_ruined_rings, layout_long_grid, uniq_maggie
Lair:3:   layout_layer_cave, nzn_random_ring, grunt_megastairs_5
Lair:4:   layout_big_grid, elwin_shoals_entry_rooms,
          spider_nest_entry_funnel_web, grunt_forest_large_clearings, uniq_snorg
Lair:5:   layout_cave_pods, uniq_josephine, uniq_nessos
Lair:6:   grunt_lair_end_beastmaster, layout_hall_layers, slime_altar_1,
          gauntlet_entry_generic
Shoals:1: layout_shoals, regret_index_shoals_crete
Shoals:2: layout_shoals, uniq_aizul
Shoals:3: layout_shoals
Shoals:4: shoals_end_hellmonk_storm_palace [storm_palace_center_circular,
          storm_palace_corner_pillars, storm_palace_corner_grid,
          storm_palace_corner_blocked, storm_palace_corner_narrow]
Spider:1: nicolae_spider_hall_of_the_moth_king, uniq_nikola
Orc:1:    layout_caves, uniq_jorgrun, uniq_erica
Orc:2:    st_orc_town, layout_caves, serial_shops, shop, basic_altar
Vaults:1: grunt_vaults_funnel, ontoclasm_vaults_ligature,
          ontoclasm_vaults_tryst, nicolae_vaults_theta,
          ontoclasm_vaults_decontamination, ontoclasm_vaults_gateway,
          nicolae_vaults_little_squares_2, vaults_room_grunt_arrival_ludios,
          v_misc_30, nicolae_vaults_shelves_hall, st_more_cells,
          vaults_dpeg_ring, nicolae_vaults_little_squares_6,
          layout_vaults_quadrants, serial_shops, shop
Depths:1: layout_basic, kennysheep_crisscross, hellmouth_1,
          nicolae_trove_entry_crystal, skrybe_limestone_x,
          minmay_misc_feat_plants

Skill      XL: |  1  2  3  4  5  6  7  8  9 10 11 12 13 14 15 16 17 18 |
---------------+-------------------------------------------------------+-----
Polearms       | 5 6 7 8 9 11 12 14 16 17 19 20 21 | 21.7
Fighting       | 3 4 5 6 8 9 10 12 13 14 15 16 17 | 17.9
Dodging        | 5 6 7 8 10 11 13 14 16 17 18 20 21 | 21.1
Throwing       | 3 4 5 6 7 8 9 10 11 | 11.2
Invocations    | 2 4 5 6 8 9 10 12 | 12.0
Stealth        | 5 6 |  6.4
Armour         | 3 4 |  4.0

Action                   |  1- 3 |  4- 6 |  7- 9 | 10-12 | 13-15 | 16-18 || total
-------------------------+-------+-------+-------+-------+-------+-------++-------
Melee: Trident           |   121 |   171 |   418 |       |       |       ||   710
       Punch             |     2 |     1 |     8 |     3 |       |       ||    14
       Tailslap          |       |     5 |     3 |       |    39 |    15 ||    62
       Spear             |       |       |   141 |   226 |       |       ||   367
       Halberd           |       |       |       |   100 |       |       ||   100
       Glaive            |       |       |       |   270 |   822 |   864 ||  1956
       War axe           |       |       |       |    13 |     9 |       ||    22
Throw: Throwing net      |     1 |     3 |     1 |     1 |     3 |     2 ||    11
       Stone             |       |     1 |     1 |    14 |       |       ||    16
       Boomerang         |       |       |       |     6 |   155 |   121 ||   282
       Javelin           |       |       |       |       |     9 |    23 ||    32
       Dart              |       |       |       |       |     3 |       ||     3
Invok: Heroism           |       |       |     1 |     3 |     4 |     3 ||    11
       Finesse           |       |       |       |       |     3 |     2 ||     5
Evoke: Wand              |       |       |     5 |     7 |       |     2 ||    14
  Use: Scroll            |       |     9 |     2 |    12 |    11 |     9 ||    43
       Potion            |       |       |     1 |       |       |    15 ||    16
 Stab: Sleeping          |     3 |     1 |     1 |    11 |    10 |    15 ||    41
       Held in net/web   |       |     2 |     1 |     3 |     1 |       ||     7
       Distracted        |       |       |       |     1 |     3 |     2 ||     6
       Petrified         |       |       |       |       |       |     4 ||     4
Armor: Leather armour    |    21 |       |       |       |       |       ||    21
       Ring mail         |       |    53 |   175 |    83 |   147 |   213 ||   671
Dodge: Dodged            |    77 |    86 |   362 |   338 |   874 |  1166 ||  2903
